 Dungeon Crawl Stone Soup version 0.30-a0-596-g0af90f9a20 (webtiles) character file.

Game seed: 16471782543150698772

49 spardeous the Digger (level 3, -1/14 HPs)
             Began as a Felid Earth Elementalist on Jan 7, 2023.
             Slain by a lemure (7 damage)
             ... led by Pikel
             ... on level 5 of the Dungeon.
             The game lasted 00:02:34 (1363 turns).

spardeous the Digger (Felid Earth Elementalist)     Turns: 1363, Time: 00:02:35

Health: -1/14      AC:  1    Str:  4    XL:     3   Next: 53%
Magic:  7/7        EV: 18    Int: 18    God:
Gold:   85         SH:  0    Dex: 16    Spells: 5/6 levels left
                                        Lives:  0   Deaths: 0

rFire   . . .      SeeInvis +    (weapon unavailable)
rCold   . . .      Faith    .    (shield unavailable)
rNeg    . . .      Spirit   .    (body armour unavailable)
rPois   .          Reflect  .    (helmet unavailable)
rElec   .          Harm     .    (cloak unavailable)
rCorr   .          Rampage  .    (gloves unavailable)
Will    .....                    (boots unavailable)
Stlth   ++                       (no amulet)
HPRegen 0.22/turn                (no ring)
MPRegen 0.10/turn                (no ring)

@: quick
A: very small, claws 1, fangs 3, see invisible, speed 1, shaggy fur 1, stealthy
paws, no weapons or thrown items, no armour, multi-lived
a: no special abilities


You were on level 5 of the Dungeon.
You visited 1 branch of the dungeon, and saw 5 of its levels.

You collected 85 gold pieces.

Inventory:

Scrolls
 b - a scroll of acquirement {unknown}
 c - a scroll of enchant armour {unknown}
 e - 2 scrolls of identify {unknown}
 f - a scroll of blinking {unknown}
Potions
 a - a potion of magic
 d - a potion of mutation {unknown}
 g - 2 potions of curing {unknown}
 h - a potion of flight {unknown}
 i - a potion of degeneration {unknown}


   Skills:
 + Level 3.7 Dodging
 - Level 2.6 Stealth
 - Level 2.0 Spellcasting
 - Level 1.1 Transmutations
 * Level 3.7 Earth Magic


You had 5 spell levels left.
You knew the following spells:

 Your Spells              Type           Power      Damage    Failure   Level
a - Sandblast             Erth           30%        2d9       3%          1

Your spell library contained the following spells:

 Spells                   Type           Power      Damage    Failure   Level
 Passwall                 Tmut/Erth      8%         N/A       10%         2
 Stone Arrow              Conj/Erth      16%        3d8       26%         3
 Petrify                  Tmut/Erth      10%        N/A       54%         4


Dungeon Overview and Level Annotations

Branches:
Dungeon (5/15)
 Temple: D:4-7

Altars:

Annotations:
D:5 Pikel


Innate Abilities, Weirdness & Mutations

You have sharp claws.
You have razor-sharp teeth.
You have supernaturally acute eyesight. (SInv)
You cover ground quickly. (Speed+)
You are covered in fur. (AC +1)
Your paws help you pounce on unaware monsters.
You are incapable of wielding weapons or throwing items.
You cannot wear armour.
You gain extra lives every three experience levels.


Message History

Aiming: Sandblast (safe; 3% risk of failure)
Press: ? - help, Shift-Dir - straight line, f/p - lemure
Aim: a lemure (moderately wounded, 77% to hit)
The blast of sand hits the lemure.
The lemure is heavily wounded.
Casting: Sandblast (safe; 3% risk of failure)
Confirm with . or Enter, or press ? or * to list all spells.
Aiming: Sandblast (safe; 3% risk of failure)
Press: ? - help, Shift-Dir - straight line, f/p - lemure
Aim: a lemure (heavily wounded, 77% to hit)
The blast of sand hits the lemure.
The lemure is severely wounded.
Casting: Sandblast (safe; 3% risk of failure)
Confirm with . or Enter, or press ? or * to list all spells.
Aiming: Sandblast (safe; 3% risk of failure)
Press: ? - help, Shift-Dir - straight line, f/p - lemure
Aim: a lemure (severely wounded, 77% to hit)
The blast of sand hits the lemure!
The lemure is almost dead.
The lemure misses you.
Casting: Sandblast (safe; 3% risk of failure)
Confirm with . or Enter, or press ? or * to list all spells.
Aiming: Sandblast (safe; 3% risk of failure)
Press: ? - help, Shift-Dir - straight line, f/p - lemure
Aim: a lemure (almost dead, 77% to hit)
The blast of sand hits the lemure.
You kill the lemure!
That felt strangely unrewarding.
You start resting.
Magic restored.
There is a stone staircase leading down here.
You climb downwards.
Level annotation: Pikel Pikel closely misses you.
There is a stone staircase leading up here.
The lemure hits you!
Ouch! That really hurt!
The lemure hits you!
Ouch! That really hurt!
You die...

.... ...
##..####
......#
.....#
##+#.?.###
#........#
#.....@5.#
#.....K5.#
#........#
#........#
#........#
#...[....#
#........#
.........#


You could see Pikel and 2 lemures.

Vanquished Creatures
  2 lemures (D:4)
  2 adders
  2 dart slugs
  A bat (D:1)
  4 endoplasms
  5 goblins
  A hobgoblin (D:4)
  A quokka (D:4)
  A ball python (D:4)
  3 frilled lizards
  5 kobolds
  3 rats
30 creatures vanquished.

Notes
Turn   | Place    | Note
-------+----------+-------------------------------------------
     0 | D:1      | spardeous the Felid Earth Elementalist began the quest for
                  | the Orb.
     0 | D:1      | Reached XP level 1. HP: 7/7 MP: 4/4
   193 | D:1      | Found a faded altar of an unknown god.
   199 | D:1      | Reached XP level 2. HP: 11/11 MP: 4/6
   537 | D:3      | Reached XP level 3. HP: 14/14 MP: 3/7
  1210 | D:5      | Entered Level 5 of the Dungeon
  1210 | D:5      | Noticed Pikel
  1210 | D:5      | Noticed a lemure
  1210 | D:5      | Noticed a lemure
  1210 | D:5      | Noticed a lemure
  1210 | D:5      | Noticed a lemure
  1274 | D:4      | Killed a lemure
  1294 | D:4      | Killed a lemure
  1363 | D:5      | Slain by a lemure

Illustrated notes

Levels and vault maps discovered:
D:1:      dpeg_arrival_windows_large_door, layout_loops_cross,
          hellmonk_ecumenical_altar_leap_of_faith
D:2:      layout_basic, uniq_crazy_yiuf_cottage
D:3:      lemuel_castle_with_subvaults [lemuel_castle_interior_carwin_2],
          layout_loops_corners, uniq_robin
D:4:      layout_cave_pools, minmay_misc_feat_roman
D:5:      layout_basic, jmf_multi_god_temple, nicolae_shop_fire_sale
          [nicolae_sub_dead_trees], uniq_grinder, uniq_pikel, uniq_eustachio

Skill      XL: |  1 |
---------------+----+-----
Dodging        | 3 |  3.7
Earth Magic    | 3 |  3.7
Stealth        | |  2.6
Spellcasting   | |  2.0
Transmutations | |  1.1

Action                   || total
-------------------------++-------
 Cast: Sandblast         ||    51
Dodge: Dodged            ||    10

Table legend: (Time is in decaauts)
 A = Elapsed time spent in this place.
 B = Non-inter-level travel time spent in this place.
 C = Inter-level travel time spent in this place.
 D = Time resting spent in this place.
 E = Time spent auto-exploring this place.
 F = Levels seen in this place.
 G = Mean time per level.
                   A        B        C        D        E       F      G
               +--------+--------+--------+--------+--------+-----+--------+
         Total |   1210 |   1154 |     56 |     72 |    833 |   5 |  242.0 |
       Dungeon |   1210 |   1154 |     56 |     72 |    833 |   5 |  242.0 |
               +--------+--------+--------+--------+--------+-----+--------+

Top non-repeatable levels by time:
     D:4: 644 daAuts
     D:1: 287 daAuts
     D:2: 138 daAuts
     D:3: 136 daAuts
     D:5: 3 daAuts
